 Dungeon Crawl Stone Soup version 0.22.0-38-g04b72b8c25 (webtiles) character file.

173 RaKsO24 the Cutter (level 5, 0/26 HPs)
             Began as a Vine Stalker Assassin on Aug 29, 2018.
             Slain by a gnoll
             ... wielding a +0 spear
              (7 damage)
             ... on level 4 of the Dungeon.
             The game lasted 00:09:37 (2602 turns).

RaKsO24 the Cutter (Vine Stalker Assassin)          Turns: 2602, Time: 00:09:38

Health: 0/26       AC:  3    Str: 15    XL:     5   Next: 53%
Magic:  0/6        EV:  6    Int: 11    God:
Gold:   147        SH: 11    Dex: 15    Spells: 4/4 levels left

rFire    . . .     SeeInvis .   a - +2 dagger
rCold    . . .     Gourm    .   o - +0 large shield (curse)
rNeg     . . .     Faith    .   c - +0 robe
rPois    .         Spirit   +   (no helmet)
rElec    .         Reflect  .   d - +0 cloak
rCorr    .         Harm     .   (no gloves)
MR       .....                  (no boots)
Stlth    +++.......             (no amulet)
HPRegen  0.48/turn              (no ring)
MPRegen  0.10/turn              (no ring)

@: no status effects
A: fangs 2, regeneration 1, magic shield, antimagic bite, no potion heal 3, rot
immunity
a: no special abilities


You were on level 4 of the Dungeon.
You were not hungry.

You visited 1 branch of the dungeon, and saw 4 of its levels.

You collected 147 gold pieces.

Inventory:

Hand Weapons
 a - a +2 dagger (weapon)
 b - a +0 blowgun
Missiles
 e - 46 poisoned needles
 f - 2 curare-tipped needles
Armour
 c - a +0 robe (worn)
 d - a +0 cloak (worn)
 o - a cursed +0 large shield (worn)
 q - a +0 plate armour
Wands
 p - a wand of random effects (17)
Scrolls
 h - 3 scrolls of identify {unknown}
 i - 2 scrolls of remove curse {unknown}
 j - 2 scrolls of fear {unknown}
 l - a scroll of magic mapping {unknown}
 n - a scroll of immolation {unknown}
 s - a scroll of random uselessness {unknown}
 t - a scroll of blinking {unknown}
 w - a scroll of fog {unknown}
 x - a scroll of amnesia {unknown}
Potions
 k - 3 potions of curing {unknown}
 m - a potion of invisibility {unknown}
 u - a potion of heal wounds {unknown}
 v - a potion of magic {unknown}
Comestibles
 g - 6 rations


   Skills:
 - Level 1.7 Fighting
 + Level 5.0 Short Blades
 - Level 1.7 Throwing
 - Level 0.7 Dodging
 - Level 4.9 Stealth


You had 4 spell levels left.
You didn't know any spells.
Your spell library was empty.

Dungeon Overview and Level Annotations

Branches:
Dungeon (4/15)
 Temple: D:4-7

Altars:


Innate Abilities, Weirdness & Mutations

You have extremely sharp teeth.
Your natural rate of healing is unusually fast.
When hurt, damage is shared between your health and your magic reserves.
Your bite disrupts and absorbs the magic of your enemies.
Potions cannot restore your health.
You are immune to rotting.


Message History

You block the gnoll's attack.
You barely miss the gnoll.
The gnoll is severely wounded.
You hit the gnoll but do no damage. You bite the gnoll. You drain its power.
You feel invigorated.
The gnoll is almost dead.
You block the gnoll's attack.
You hit the gnoll.
You kill the gnoll!
You hit the gnoll but do no damage. You bite the gnoll. You drain its power.
The gnoll is moderately wounded.
The gnoll hits you with a flail!
* * * LOW HITPOINT WARNING * * *
You hit the gnoll.
The gnoll is moderately wounded.
You block the gnoll's attack. x2
You hit the gnoll.
The gnoll is heavily wounded.
The gnoll hits you from afar with a spear!
You die...

### #<# #@# #g#
#g# #.# #.# #.#
#.#############...
#>..gg.g...)......
###########.......


You could see 2 gnolls.

Vanquished Creatures
  A bullfrog (D:3)
  2 gnolls (D:4)
  2 adders (D:3)
  An ooze (D:2)
  An adder zombie (D:3)
  A worm (D:3)
  A dart slug (D:1)
  5 leopard geckos
  2 orcs
  4 giant cockroaches
  4 goblins
  7 hobgoblins
  7 bats
  6 frilled lizards
  4 kobolds
  5 rats
53 creatures vanquished.

Notes
Turn   | Place    | Note
-------+----------+-------------------------------------------
     0 | D:1      | RaKsO24 the Vine Stalker Assassin began the quest for the Orb.
     0 | D:1      | Reached XP level 1. HP: 11/11 MP: 2/2
   208 | D:1      | Reached skill level 2 in Short Blades
   260 | D:1      | Reached XP level 2. HP: 9/15 MP: 3/3
   714 | D:2      | Reached skill level 3 in Short Blades
   728 | D:2      | Reached XP level 3. HP: 16/18 MP: 4/4
  1933 | D:3      | Gained mutation: Your natural rate of healing is unusually fast. [Vine Stalker growth]
  1933 | D:3      | Reached XP level 4. HP: 17/23 MP: 3/5
  2027 | D:3      | Noticed a bullfrog
  2044 | D:3      | Reached skill level 4 in Short Blades
  2082 | D:3      | Killed a bullfrog
  2082 | D:3      | Reached XP level 5. HP: 15/26 MP: 6/6
  2572 | D:4      | Reached skill level 5 in Short Blades
  2602 | D:4      | Slain by a gnoll

Skill      XL: |  1  2  3  4  5 |
---------------+----------------+-----
Short Blades   | 2 3 4 5 |  5.0
Fighting       | |  1.7
Throwing       | |  1.7
Dodging        | |  0.7
Stealth        | |  4.9

Action                   |  1- 3 |  4- 6 || total
-------------------------+-------+-------++-------
Melee: Dagger            |   141 |    61 ||   202
       Bite              |    26 |    20 ||    46
Evoke: Wand              |       |     1 ||     1
 Stab: Sleeping          |     7 |     2 ||     9
       Paralysed         |       |     1 ||     1
  Eat: Chunk             |     3 |     2 ||     5
Armor: Robe              |    38 |    16 ||    54
Dodge: Dodged            |    55 |     9 ||    64
Block: Large shield      |    51 |    41 ||    92
